 Dungeon Crawl Stone Soup version 0.24.0-41-g2ae2f7f1be (webtiles) character file.

Game seed: 7274813700696454412, levelgen mode: deterministic

677 McKennaii the Chopper (level 7, -7/53 HPs)
             Began as a Demonspawn Fighter on Dec 9, 2019.
             Killed from afar by an orc wizard (8 damage)
             ... with a magic dart
             ... on level 4 of the Dungeon.
             The game lasted 00:05:51 (3774 turns).

McKennaii the Chopper (Demonspawn Fighter)          Turns: 3774, Time: 00:05:52

Health: -7/53      AC:  8    Str: 16 (18) XL:     7   Next: 33%
Magic:  7/7        EV:  7    Int: 13 (14) God:
Gold:   223        SH:  9    Dex: 12 (13) Spells: 6/6 levels left

rFire    . . .     SeeInvis .   a - +0 war axe
rCold    . . .     Gourm    .   c - +0 shield
rNeg     . . .     Faith    .   b - +0 scale mail
rPois    .         Spirit   .   (no helmet)
rElec    .         Reflect  .   (no cloak)
rCorr    +         Harm     .   r - +0 pair of gloves
MR       .....                  (no boots)
Stlth    ..........             (no amulet)
HPRegen  0.17/turn              (no ring)
MPRegen  0.10/turn              n - ring of resist corrosion

@: brilliant, lethally poisoned (-7 -> -14), flying, hasted, very quick
A: talons 2, mutation resistance 1, powered by death 2
a: no special abilities


You were on level 4 of the Dungeon.
You were not hungry.

You visited 1 branch of the dungeon, and saw 4 of its levels.
You also visited: Sewer.

You collected 223 gold pieces.

Inventory:

Hand Weapons
 a - a +0 war axe (weapon)
Armour
 b - a +0 scale mail (worn)
 c - a +0 shield (worn)
 r - a +0 pair of gloves (worn)
Jewellery
 n - a ring of resist corrosion (right hand)
 q - an uncursed ring of fire
Wands
 v - a wand of disintegration (16)
Scrolls
 e - 3 scrolls of identify {unknown}
 g - 2 scrolls of fear {unknown}
 i - 4 scrolls of teleportation {unknown}
 j - 5 scrolls of remove curse {unknown}
 l - a scroll of noise {unknown}
 s - 2 scrolls of amnesia {unknown}
 w - a scroll of random uselessness {unknown}
 x - a scroll of blinking {unknown}
Potions
 d - 2 potions of might
 o - 2 potions of magic
 u - a potion of berserk rage
Comestibles
 f - 5 rations
 A - a chunk of flesh


   Skills:
 + Level 3.7 Fighting
 * Level 6.0 Axes
 + Level 3.5 Armour
 + Level 1.3 Dodging
 + Level 3.8 Shields


You had 6 spell levels left.
You didn't know any spells.
Your spell library was empty.

Dungeon Overview and Level Annotations

Branches:
Dungeon (4/15)              Sewer (visited)
 Temple: D:4-7

Altars:
Cheibriados


Innate Abilities, Weirdness & Mutations

You have razor-sharp toenails.
You regenerate health from kills.
You are somewhat resistant to further mutation.


Message History

The orc wizard blinks!
You block the giant cockroach's attack. You block the orc wizard's attack.
You slash the orc wizard!
You kill the orc wizard!
You feel your intelligence returning.
Your Axes skill increases to level 6!
You hit the giant cockroach but do no damage.
The giant cockroach bites you but does no damage.
The orc wizard gestures wildly while chanting.
The orc wizard blinks!
Your shield and scale mail prevent you from hitting the orc wizard.
Your kick misses the orc wizard.
The orc wizard is severely wounded.
You hit the giant cockroach.
You kill the giant cockroach!
* * * LOW HITPOINT WARNING * * *
You feel sick.
The orc wizard points at you and mumbles some strange words.
The magic dart hits you!
You die...

....... #.#
...... #.# ....
#.# #..+# #.# ##
#...# #.#
.#...##.†o# #.#
..._..†s..# #.#
##...#.##.#####.#
## #. #..§.†@o#
.. #.####### ###
#.# #.# ..# ###


You could see an orc wizard.

Vanquished Creatures
  A crocodile (Sewer)
  3 killer bees (D:4)
  A bullfrog zombie (D:4)
  A centaur skeleton (D:4)
  An orc priest (D:3)
  5 orc wizards
  2 worker ants (D:4)
  8 adders
  An ooze (D:2)
  A worm (D:2)
  A dart slug (D:3)
  8 leopard geckos
  16 orcs
  9 bats
  12 giant cockroaches
  6 goblins
  8 hobgoblins
  8 jackals
  A quokka (D:4)
  2 frilled lizards
  10 kobolds
  A quokka skeleton (D:4)
  3 rats
109 creatures vanquished.

Notes
Turn   | Place    | Note
-------+----------+-------------------------------------------
     0 | D:1      | McKennaii the Demonspawn Fighter began the quest for the
                  | Orb.
     0 | D:1      | Reached XP level 1. HP: 18/18 MP: 1/1
   214 | D:1      | Gained mutation: You regenerate a little health from kills.
                  | [demonic ancestry]
   214 | D:1      | Reached XP level 2. HP: 24/24 MP: 2/2
   390 | D:1      | Reached skill level 2 in Axes
   758 | D:2      | Reached XP level 3. HP: 27/29 MP: 3/3
  1042 | D:2      | Reached skill level 3 in Axes
  1047 | D:2      | Gained mutation: You regenerate health from kills. [demonic
                  | ancestry]
  1047 | D:2      | Reached XP level 4. HP: 33/35 MP: 4/4
  2193 | D:3      | Gained mutation: You have sharp toenails. [demonic
                  | ancestry]
  2193 | D:3      | Reached XP level 5. HP: 25/41 MP: 5/5
  2673 | D:3      | Reached skill level 4 in Axes
  2810 | D:3      | Reached skill level 1 in Dodging
  3023 | D:4      | Gained mutation: You have razor-sharp toenails. [demonic
                  | ancestry]
  3023 | D:4      | Reached XP level 6. HP: 40/47 MP: 6/6
  3249 | D:4      | Found a glowing drain.
  3258 | D:4      | Reached skill level 5 in Axes
  3264 | Sewer    | Entered a sewer
  3330 | Sewer    | HP: 2/70 [crocodile (9)]
  3718 | D:4      | Found a snail-covered altar of Cheibriados.
  3740 | D:4      | Reached XP level 7. HP: 30/53 MP: 7/7
  3760 | D:4      | HP: 2/53 [orc wizard/magic dart (1)]
  3769 | D:4      | Gained mutation: You are somewhat resistant to further
                  | mutation. [potion of mutation]
  3772 | D:4      | HP: 2/53 [poisoned by a killer bee]
  3773 | D:4      | Reached skill level 6 in Axes
  3774 | D:4      | Killed from afar by an orc wizard

Levels and vault maps discovered:
D:1:      psy_arrival_spokes, layout_loops_ring, serial_forest,
          infiniplex_forest_clump_C, infiniplex_forest_corner_1,
          infiniplex_forest_corner_1, infiniplex_forest_straight_4,
          infiniplex_forest_lined_room_3
D:2:      layout_basic
D:3:      layout_loops_ring, first_ration, kennysheep_generic_room_4
D:4:      layout_basic, nicolae_overflow_crystal_walls, serial_shops,
          kennysheep_little_box, gup_sewer_entry_pipe

Skill      XL: |  1  2  3  4  5  6  7 |
---------------+----------------------+-----
Axes           | 2 3 4 5 6 |  6.0
Armour         | 3 |  3.5
Shields        | 3 |  3.8
Dodging        | 1 |  1.3
Fighting       | |  3.7

Action                   |  1- 3 |  4- 6 |  7- 9 || total
-------------------------+-------+-------+-------++-------
Melee: War axe           |   110 |   245 |    25 ||   380
       Kick              |       |    33 |     8 ||    41
  Use: Potion            |       |     2 |     7 ||     9
  Eat: Chunk             |       |    10 |       ||    10
Armor: Scale mail        |    58 |   112 |    21 ||   191
Dodge: Dodged            |    47 |    65 |    15 ||   127
Block: Shield            |    62 |   137 |    31 ||   230
